 Dungeon Crawl Stone Soup version 0.21.0-24-g2553a33 (webtiles) character file.

42 mopl the Cutter (level 3, 0/21 HPs)
             Began as a Kobold Skald on Jan 19, 2018.
             Was a Follower of Okawaru.
             Slain by Terence
             ... wielding a +0 flail
              (4 damage)
             ... on level 2 of the Dungeon.
             The game lasted 00:02:34 (1533 turns).

mopl the Cutter (Kobold Skald)                      Turns: 1533, Time: 00:02:35

Health: 0/21       AC:  3    Str:  8    XL:     3   Next: 77%
Magic:  0/6        EV: 19    Int: 14    God:    Okawaru [*.....]
Gold:   90         SH:  0    Dex: 15    Spells: 1/6 levels left

rFire    . . .     SeeInvis .   a - +0 short sword
rCold    . . .     Gourm    .   (shield restricted)
rNeg     . . .     Faith    .   b - +0 leather armour
rPois    .         Spirit   .   (no helmet)
rElec    .         Reflect  .   (no cloak)
rCorr    .         Harm     .   (no gloves)
MR       .....                  (no boots)
Stlth    +++.......             (no amulet)
HPRegen  0.07/turn              k - ring of flight
MPRegen  0.10/turn              (no ring)

@: heroism
A: small, carnivore
a: Heroism, Renounce Religion, Evoke Flight


You were on level 2 of the Dungeon.
You worshipped Okawaru.
Okawaru was aware of your devotion.
You were very full.

You visited 1 branch of the dungeon, and saw 2 of its levels.

You collected 90 gold pieces.

Inventory:

Hand Weapons
 a - a +0 short sword (weapon)
Missiles
 h - 9 tomahawks (quivered)
Armour
 b - a +0 leather armour (worn)
Jewellery
 k - a ring of flight (left hand)
Scrolls
 e - 2 scrolls of identify {unknown}
 f - a scroll of magic mapping {unknown}
 o - a scroll of fog {unknown}
 p - 2 scrolls of remove curse {unknown}
Potions
 g - a potion of heal wounds {unknown}
 i - a potion of haste {unknown}
 j - a potion of ambrosia {unknown}
 l - a potion of agility {unknown}
 m - a potion of invisibility {unknown}
 n - a potion of curing {unknown}
Books
 c - a book of Battle

   Spells                             Type                      Level
   a - Infusion                       Charms                       1
   b - Shroud of Golubria             Charms/Translocation         2
   c - Song of Slaying                Charms                       2
   d - Spectral Weapon                Hexes/Charms                 3
   e - Regeneration                   Charms/Necromancy            3
Comestibles
 d - 4 rations


   Skills:
 - Level 2.1(7.1) Fighting
 + Level 5.1(10.1) Short Blades
 - Level 0.7(5.7) Armour
 - Level 2.4(7.4) Dodging
 - Level 2.1 Spellcasting
 - Level 2.4 Charms


You had one spell level left.
You knew the following spells:

 Your Spells              Type           Power        Failure   Level  Hunger
a - Infusion              Chrm           #...         12%         1    #......
b - Song of Slaying       Chrm           #.......     19%         2    ###....
f - Shroud of Golubria    Chrm/Tloc      #.........   28%         2    ###....


Dungeon Overview and Level Annotations

Branches:
Dungeon (2/15)

Altars:
Okawaru

Annotations:
D:2 Terence


Innate Abilities, Weirdness & Mutations

You are small and have problems with some larger weapons.
You are carnivorous and can eat meat at any time.


Message History

You are no longer magically infusing your attacks.
Terence says, "Rest in peace."
You don't have enough magic at the moment.
You gain the combat prowess of a mighty hero.
Terence misses you.
You hit Terence but do no damage.
Terence is heavily wounded.
Terence closely misses you.
You hit Terence but do no damage.
Terence is heavily wounded.
You completely miss Terence.
Terence is heavily wounded.
Terence hits you with a flail.
* * * LOW HITPOINT WARNING * * *
You hit Terence but do no damage.
Terence is heavily wounded.
You hit Terence.
Terence is severely wounded.
Terence hits you with a flail.
You die...

#.#####.#.#....# #.#
#..............# #.#
#.#.###.#.#....# ...
........#'#....###.#
########.##.........#....
#................#..#.#.#
###.####.##......#..#.#.#
#.# #@##......#..#.#..
#.####@................
#.....<................
##########.###.####.###
.............#
.........#######
................
.........#######
................
................


You could see Terence.

Vanquished Creatures
  An adder (D:2)
  A dart slug (D:1)
  2 giant cockroaches (D:1)
  4 hobgoblins (D:1)
  4 jackals (D:1)
  4 kobolds (D:1)
  A ball python (D:2)
  5 bats
  5 frilled lizards
  6 rats
33 creatures vanquished.

Notes
Turn   | Place    | Note
-------+----------+-------------------------------------------
     0 | D:1      | mopl the Kobold Skald began the quest for the Orb.
     0 | D:1      | Reached XP level 1. HP: 12/12 MP: 3/3
    76 | D:1      | Reached skill level 3 in Short Blades
   100 | D:1      | Reached XP level 2. HP: 4/17 MP: 1/5
   148 | D:1      | Learned a level 2 spell: Song of Slaying
   151 | D:1      | Learned a level 2 spell: Shroud of Golubria
   470 | D:1      | Reached skill level 4 in Short Blades
   613 | D:1      | Reached XP level 3. HP: 16/21 MP: 6/6
   994 | D:2      | Found a faded altar of an unknown god.
  1020 | D:2      | Reached skill level 5 in Short Blades
  1025 | D:2      | Became a worshipper of Warmaster Okawaru
  1025 | D:2      | Reached * piety under Okawaru
  1203 | D:2      | Noticed Terence
  1533 | D:2      | Slain by Terence

Skill      XL: |  1  2  3 |
---------------+----------+-----
Short Blades   | 3 4 5 |  5.1
Fighting       | |  2.1
Armour         | |  0.7
Dodging        | |  2.4
Spellcasting   | |  2.1
Charms         | |  2.4

Action                   || total
-------------------------++-------
Melee: Short sword       ||   140
 Cast: Infusion          ||     9
       Shroud of Golubri ||     1
Invok: Heroism           ||     1
 Stab: Sleeping          ||     2
  Eat: Chunk             ||    10
Armor: Leather armour    ||    34
Dodge: Dodged            ||    85
